 Dungeon Crawl Stone Soup version 0.29.0-3-gbb0933ed62 (webtiles) character file.

Game seed: 3378331748261395657

830 MeatBomb the Cleaver (level 7, -1/57 HPs)
             Began as a Minotaur Berserker on Aug 26, 2022.
             Was a Believer of Trog.
             Slain by a phantom (4 damage)
             ... on level 6 of the Dungeon.
             The game lasted 00:35:20 (3213 turns).

MeatBomb the Cleaver (Minotaur Berserker)           Turns: 3213, Time: 00:35:21

Health: -1/57      AC:  9    Str: 23    XL:     7   Next: 65%
Magic:  6/6        EV: 10    Int:  4    God:    Trog [**....]
Gold:   234        SH:  0    Dex: 10    Spells: 6/6 levels left

rFire   . . .      SeeInvis .   a - +1 hand axe (freeze)
rCold   . . .      Faith    .   (no shield)
rNeg    . . .      Spirit   .   w - +1 scale mail {rPois}
rPois   +          Reflect  .   (helmet restricted)
rElec   .          Harm     .   g - +0 cloak
rCorr   +          Rampage  .   (no gloves)
Will    .....                   A - +0 pair of boots
Stlth   ..........              (no amulet)
HPRegen 0.19/turn               v - ring of resist corrosion
MPRegen 0.10/turn               (no ring)

@: on berserk cooldown, slowed, very slow
A: horns 2, retaliatory headbutt
a: Renounce Religion, Berserk, Trog's Hand


You were on level 6 of the Dungeon.
You worshipped Trog.
Trog was pleased with you.
You visited 1 branch of the dungeon, and saw 5 of its levels.

You collected 234 gold pieces.

Inventory:

Hand Weapons
 a - a +1 hand axe of freezing (weapon)
 b - a +0 sling
 z - a +0 war axe
 F - a +0 broad axe
Missiles
 f - 4 poisoned darts
 n - 5 stones
 y - 6 boomerangs (quivered)
Armour
 g - a +0 cloak (worn)
 o - a +2 robe of cold resistance
 w - a +1 scale mail of poison resistance (worn)
 A - a +0 pair of boots (worn)
Jewellery
 e - a ring of fire
 v - a ring of resist corrosion (left hand)
Wands
 x - a wand of mindburst (11)
 C - a wand of paralysis (13)
Scrolls
 d - a scroll of enchant weapon {unknown}
 j - a scroll of magic mapping {unknown}
 k - 2 scrolls of teleportation {unknown}
 l - 8 scrolls of identify {unknown}
 m - a scroll of poison {unknown}
 q - a scroll of vulnerability {unknown}
 r - a scroll of silence {unknown}
 s - a scroll of blinking {unknown}
Potions
 c - 2 potions of degeneration {unknown}
 h - 2 potions of mutation {unknown}
 i - a potion of berserk rage {unknown}
 p - a potion of cancellation {unknown}
 t - a potion of attraction {unknown}
 B - a potion of invisibility {unknown}
 D - a potion of lignification {unknown}
 E - a potion of heal wounds {unknown}


   Skills:
 - Level 3.6 Fighting
 + Level 10.7 Axes
 + Level 1.2 Throwing
 - Level 2.4 Armour
 - Level 2.1 Dodging
 + Level 0.5 Evocations


You had 6 spell levels left.
You didn't know any spells.
Your spell library was empty.

Dungeon Overview and Level Annotations

Branches:
Dungeon (4/15)
 Temple: D:4-7

Altars:
Elyvilon

Shops:
D:3 :


Innate Abilities, Weirdness & Mutations

You have a pair of horns on your head.
You reflexively headbutt those who attack you in melee.


Message History

Maggie barely misses you.
You have reached level 7!
You barely miss Maggie.
Maggie is severely wounded.
You slash Maggie! You freeze Maggie. Your headbutt misses Maggie.
Maggie is almost dead.
Maggie mumbles some strange words.
You hit Maggie. You freeze Maggie.
You kill Maggie!
Trog accepts your kill.
Trog appreciates your killing of a magic user.
Your Axes skill increases to level 10!
Your Throwing skill increases to level 1!
The phantom hits you.
* * * LOW HITPOINT WARNING * * *
The phantom blinks!
You blink.
You feel a strong urge to attack something.
You slash the phantom! You freeze the phantom.
The phantom is heavily damaged.
You hit the phantom. Your headbutt misses the phantom.
The phantom is severely damaged.
The phantom hits you.
* * * LOW HITPOINT WARNING * * *
You barely miss the phantom. Your headbutt misses the phantom.
The phantom is severely damaged.
You closely miss the phantom.
The phantom is severely damaged.
You are no longer berserk.
You are exhausted.
You feel yourself slow down.
Aiming: Mindburst
Press: ? - help, Shift-Dir - straight line, f - phantom
Aim: a phantom (severely damaged, chance to affect: 50%)
Okay, then.
Aiming: Mindburst
Press: ? - help, Shift-Dir - straight line, f - phantom
Aim: a phantom (severely damaged, chance to affect: 50%)
The phantom resists with some effort.
The phantom barely misses you. The phantom hits you.
You die...

h.........)..##
####.........#####
#..............
##............##
#..............#
##..............#
#..............##
##..............#
#.......@......##
#.......W.....##
#....)))..#####
######)#### ###
###### ##.# #.##
.....# #..# #..#
.....# #.## ##..##
.....# ##.# #....#
.....### ###..#
#....##


You could see a phantom.

Vanquished Creatures
  Maggie (D:6)
  An ice beast (D:6)
  3 scorpions
  A gnoll bouda (D:6)
  A hound (D:6)
  Jessica (D:2)
  Ijyb (D:4)
  Natasha (thrice) (D:3)
  3 gnolls (D:6)
  A worm (D:2)
  A dart slug (D:1)
  An orc (D:4)
  4 ball pythons
  4 endoplasms
  A giant cockroach (D:1)
  7 goblins
  7 hobgoblins
  6 jackals
  A quokka (D:2)
  5 bats
  3 frilled lizards
  3 kobolds
  5 rats
64 creatures vanquished.

Notes
Turn   | Place    | Note
-------+----------+-------------------------------------------
     0 | D:1      | MeatBomb the Minotaur Berserker began the quest for the
                  | Orb.
     0 | D:1      | Reached XP level 1. HP: 19/19 MP: 0/0
    99 | D:1      | Reached skill level 4 in Axes
   136 | D:1      | Reached XP level 2. HP: 20/26 MP: 1/1
   751 | D:2      | Reached skill level 5 in Axes
   788 | D:2      | Reached ** piety under Trog
   789 | D:2      | Reached XP level 3. HP: 31/31 MP: 2/2
  1448 | D:2      | Noticed Jessica
  1451 | D:2      | Killed Jessica
  1452 | D:2      | Reached skill level 6 in Axes
  1452 | D:2      | Reached XP level 4. HP: 39/39 MP: 3/3
  1981 | D:3      | Found Movvaqon's Book Shoppe.
  2048 | D:3      | Found a faded altar of an unknown god.
  2421 | D:3      | Noticed Natasha
  2427 | D:3      | Killed Natasha
  2496 | D:3      | Noticed Natasha
  2503 | D:3      | Killed Natasha
  2526 | D:3      | Noticed Natasha
  2536 | D:3      | Killed Natasha
  2537 | D:3      | Reached skill level 7 in Axes
  2537 | D:3      | Reached XP level 5. HP: 39/45 MP: 4/4
  2705 | D:4      | Noticed Ijyb
  2713 | D:4      | Killed Ijyb
  2720 | D:4      | Reached skill level 8 in Axes
  2868 | D:4      | Found a white marble altar of Elyvilon.
  2921 | D:4      | Reached XP level 6. HP: 51/51 MP: 5/5
  2931 | D:4      | You fall into a shaft and drop 2 floors!
  3016 | D:6      | Noticed an ice beast
  3029 | D:6      | Killed an ice beast
  3063 | D:6      | Reached skill level 9 in Axes
  3181 | D:6      | Noticed Maggie
  3204 | D:6      | Reached XP level 7. HP: 9/57 MP: 6/6
  3206 | D:6      | Killed Maggie
  3207 | D:6      | Reached skill level 10 in Axes
  3207 | D:6      | Reached skill level 1 in Throwing
  3210 | D:6      | HP: 4/85 [phantom (2)]
  3213 | D:6      | Slain by a phantom

Illustrated notes

Levels and vault maps discovered:
D:1:      dpeg_arrival_more_subterranean_lakeside_camping, layout_basic,
          grunt_decor_mini_mirrors, minmay_misc_feat_enclosed
D:2:      layout_loops_ring, serial_forest, infiniplex_forest_clump_medium,
          infiniplex_forest_straight_2, infiniplex_forest_lined_3_way,
          infiniplex_forest_clump_small, infiniplex_forest_clump_medium,
          infiniplex_forest_end_1, uniq_jessica
D:3:      layout_loops_ring, hellmonk_ecumenical_altar_dog_temple, serial_shops,
          nicolae_shop_crystal, kennysheep_potato, uniq_natasha
D:4:      layout_loops_ring, elyvilon_altar_5, portal_sewer_entry_c, uniq_ijyb
D:6:      layout_cave_pods, uniq_maggie

Skill      XL: |  1  2  3  4  5  6  7 |
---------------+----------------------+-----
Axes           | 4 5 6 7 8 9 10 | 10.7
Throwing       | 1 |  1.2
Fighting       | |  3.6
Armour         | |  2.4
Dodging        | |  2.1
Evocations     | |  0.5

Action                   |  1- 3 |  4- 6 |  7- 9 || total
-------------------------+-------+-------+-------++-------
Melee: Hand axe          |    70 |    17 |     7 ||    94
       Headbutt          |    11 |     7 |       ||    18
       War axe           |       |    30 |       ||    30
       Broad axe         |       |     4 |       ||     4
Throw: Boomerang         |       |     6 |       ||     6
Invok: Berserk           |     1 |     3 |       ||     4
       Trog's Hand       |       |     1 |       ||     1
Evoke: Wand              |       |     3 |     1 ||     4
 Stab: Sleeping          |     1 |       |       ||     1
Armor: Animal skin       |    12 |       |       ||    12
       Leather armour    |     1 |     2 |       ||     3
       Chain mail        |       |     9 |       ||     9
       Scale mail        |       |    11 |       ||    11
Dodge: Dodged            |    38 |    28 |     1 ||    67
